 Dungeon Crawl Stone Soup version 0.28-a0-1235-g7c8fac35f0 (webtiles) character file.

Game seed: 4216891042575429357

1082 bearlyready the Ruffian (level 8, 0/70 HPs)
             Began as a White Draconian Transmuter on Dec 24, 2021.
             Slain by a water moccasin (6 damage)
             ... on level 4 of the Dungeon.
             The game lasted 00:10:55 (4611 turns).

bearlyready the Ruffian (DrTm)                      Turns: 4611, Time: 00:10:56

Health: 0/70       AC:  7    Str: 12    XL:     8   Next: 8%
Magic:  11/11      EV: 10    Int: 17    God:
Gold:   195        SH:  0    Dex: 11    Spells: 1/11 levels left

rFire   x . .      SeeInvis .     - Unarmed
rCold   + + +      Faith    .   (shield currently unavailable)
rNeg    . . .      Spirit   .   (armour unavailable)
rPois   +          Reflect  .   (helmet currently unavailable)
rElec   .          Harm     .   (cloak currently unavailable)
rCorr   .          Rampage  .   (gloves currently unavailable)
Will    .....                   (boots currently unavailable)
Stlth   +.........              (no amulet)
HPRegen 0.21/turn               g - ring of poison resistance
MPRegen 0.12/turn               (no ring)

@: ice-form
A: freezing attack, amphibious, boosted hp, (breathe frost), AC +6, large,
unfitting armour, (cold resistance 1), (cold-blooded)
a: End Transformation


You were on level 4 of the Dungeon.
You were a creature of crystalline ice.
You visited 1 branch of the dungeon, and saw 5 of its levels.

You collected 195 gold pieces.

Inventory:

Missiles
 f - a throwing net
Armour
 d - a +0 buckler
Jewellery
 g - a ring of poison resistance (left front paw)
Wands
 e - a wand of paralysis (3)
 l - a wand of flame (43)
Scrolls
 a - 4 scrolls of identify
 c - 2 scrolls of immolation
 i - a scroll of blinking
 k - 2 scrolls of fog {unknown}
Potions
 b - a potion of brilliance
 h - a potion of haste
 j - a potion of magic
 m - a potion of might {unknown}


   Skills:
 - Level 1.1 Fighting
 - Level 1.7 Dodging
 + Level 6.5 Unarmed Combat
 - Level 2.0 Spellcasting
 + Level 6.1 Transmutations
 + Level 3.4 Ice Magic
 - Level 3.1 Poison Magic


You had one spell level left.
You knew the following spells:

 Your Spells              Type           Power      Damage    Failure   Level
a - Beastly Appendage     Tmut           44%        N/A       1%          1
b - Wereblood             Tmut           22%        N/A       2%          2
c - Spider Form           Tmut/Pois      17%        N/A       9%          3
d - Ice Form              Ice/Tmut       18%        N/A       26%         4

Your spell library contained the following spells:

 Spells                   Type           Power      Damage    Failure   Level
 Ensorcelled Hibernation  Hex/Ice        14%        N/A       14%         2
 Call Canine Familiar     Summ           1%         N/A       50%         3
 Portal Projectile        Hex/Tloc       2%         N/A       50%         3
 Tukima's Dance           Hex            1%         N/A       50%         3
 Leda's Liquefaction      Hex/Erth       0%         N/A       88%         4


Dungeon Overview and Level Annotations

Branches:
Dungeon (5/15)
 Temple: D:4-7

Altars:
Dithmenos
Hepliaklqana

Shops:
D:4 *

Annotations:
D:4 Dowan, Duvessa


Innate Abilities, Weirdness & Mutations

You are a creature of crystalline ice.
You have a powerful freezing melee attack.
You are amphibious.
Your maximum health is increased.
Your armour is entirely melded.
You are incapable of wielding weapons or throwing items.
((You can breathe waves of freezing cold which knock back foes.))
((Your icy white scales are hard. (AC +6)))
You cannot fit into any form of body armour.
((Your flesh is cold resistant. (rC+)))
((You are cold-blooded and may be slowed by cold attacks.))


Message History

The water moccasin bites you.
* * * LOW HITPOINT WARNING * * *
You climb upwards.
Level annotation: Dowan, Duvessa
There is a stone staircase leading down here.
Casting: Ice Form (quite dangerous; 26% risk of failure)
Confirm with . or Enter, or press ? or * to list all spells.
The spell is quite dangerous to miscast (26% risk of failure)!
Continue anyway?
You turn into a creature of crystalline ice.
The water moccasin barely misses you.
You closely miss the water moccasin.
The water moccasin bites you but does no damage.
You hit the water moccasin. You freeze the water moccasin.
The water moccasin is lightly wounded.
The water moccasin closely misses you.
You punch the water moccasin!
The water moccasin seems to slow down.
You freeze the water moccasin.
The water moccasin is severely wounded.
The water moccasin bites you but does no damage.
You hit the water moccasin but do no damage.
The water moccasin is severely wounded.
The water moccasin bites you!
* * * LOW HITPOINT WARNING * * *
Okay, then.
Casting: Beastly Appendage (safe; 1% risk of failure)
Press: ? - help, Q - select action, (/) - cycle Dir - look around, f - activate
Okay, then.
You closely miss the water moccasin.
The water moccasin is severely wounded.
The water moccasin is no longer moving slowly.
The water moccasin bites you.
* * * LOW HITPOINT WARNING * * *
It was a potion of magic.
Magic courses through your body. The water moccasin misses you.
Aiming: Paralyse
Press: ? - help, Shift-Dir - straight line, f - water moccasin
Aim: a water moccasin (severely wounded, chance to affect: 46%)
The water moccasin resists with some effort.
The water moccasin bites you.
You die...

# #......#.....##...∩...# #######
##..)......#.##.......#
......######..<..#...#.#..≈.^.#.#
..###..........).#...#.#........#
...........#......)..#...########
#.#####..###.........##....#
#.............####...#####.#
.....#####......S#...# #.#
..........######Y....# #.####
#########.# ##..### #....#
#.'.#.'.#.# ##.## ####.#
###'#'##### #####..#########.##
#.'...'.######)................#
###...###......####.############
#.'...'.#...............#
###'#'#.#.###############
#.'.#.#.#.#


You could see a water moccasin.

Vanquished Creatures
  Eustachio (D:4)
  2 ogres (D:4)
  An elf zombie (D:4)
  A bullfrog (D:3)
  6 elf skeletons (D:4)
  A water moccasin skeleton (D:4)
  Ijyb (D:4)
  A human skeleton (D:4)
  Robin (D:4)
  3 gnolls
  6 adders
  A white imp (D:3)
  2 worms (D:2)
  2 dart slugs
  5 orcs
  4 bats
  5 endoplasms
  3 giant cockroaches
  12 goblins
  9 hobgoblins
  2 quokkas (D:2)
  8 ball pythons
  4 frilled lizards
  2 kobolds
  3 orc skeletons (D:4)
  6 rats
92 creatures vanquished.

Notes
Turn   | Place    | Note
-------+----------+-------------------------------------------
     0 | D:1      | bearlyready the Draconian Transmuter began the quest for
                  | the Orb.
     0 | D:1      | Reached XP level 1. HP: 16/16 MP: 3/3
   232 | D:1      | Reached XP level 2. HP: 18/23 MP: 5/5
   421 | D:1      | Found a faded altar of an unknown god.
   989 | D:2      | Learned a level 2 spell: Wereblood
  1150 | D:2      | Reached XP level 3. HP: 19/28 MP: 6/6
  1157 | D:2      | Learned a level 3 spell: Spider Form
  1502 | D:2      | Reached XP level 4. HP: 31/35 MP: 4/7
  1590 | D:2      | Reached skill level 1 in Poison Magic
  2330 | D:3      | Noticed a bullfrog
  2347 | D:3      | Killed a bullfrog
  2348 | D:3      | Reached XP level 5. HP: 11/40 MP: 2/8
  3352 | D:4      | Noticed Robin
  3354 | D:4      | Noticed Duvessa
  3355 | D:4      | Noticed Dowan
  3383 | D:4      | Noticed an ogre
  3393 | D:4      | Killed an ogre
  3394 | D:4      | Reached XP level 6. HP: 47/47 MP: 9/9
  3503 | D:4      | Found Xethren's Elemental Accessories.
  3527 | D:4      | Killed Robin
  3563 | D:4      | Reached skill level 5 in Unarmed Combat
  3639 | D:4      | Noticed a shadow
  3640 | D:4      | Found a shadowy altar of Dithmenos.
  3641 | D:4      | Found a hazy altar of Hepliaklqana.
  3729 | D:4      | Noticed Eustachio
  3760 | D:4      | Killed Eustachio
  3761 | D:4      | Reached skill level 5 in Transmutations
  3761 | D:4      | Your scales start taking on an icy white colour.
  3761 | D:4      | Reached XP level 7. HP: 15/52 MP: 7/10
  3761 | D:4      | Gained mutation: Your flesh is cold resistant. (rC+) [White
                  | Draconian growth]
  3774 | D:4      | Learned a level 4 spell: Ice Form
  3839 | D:4      | Noticed Ijyb
  3953 | D:4      | Killed Ijyb
  3992 | D:4      | Reached skill level 1 in Ice Magic
  4080 | D:4      | Found a sand-covered staircase.
  4102 | D:4      | Reached XP level 8. HP: 18/59 MP: 6/11
  4574 | D:5      | Entered Level 5 of the Dungeon
  4584 | D:5      | Noticed a two-headed ogre
  4611 | D:4      | Slain by a water moccasin

Illustrated notes

Levels and vault maps discovered:
D:1:      minmay_arrival_cross, layout_basic,
          dreamdust_ecumenical_altar_statues, minmay_misc_feat_tiny
D:2:      kennysheep_six_static_rooms, layout_basic
D:3:      layout_rooms, nrook_campfire
D:4:      layout_rooms, riverfiend_overflow_shadow_ancestor,
          nicolae_ossuary_entry_catacombs, kennysheep_crisscross,
          nicolae_elemental_shop, uniq_duvessa, uniq_eustachio, uniq_robin,
          uniq_ijyb
D:5:      layout_basic, kennysheep_okawaru_gauntlet,
          eino_small_chamber_without_monster, chequers_serial_rivers_small_3,
          minmay_manual_mess

Skill      XL: |  1  2  3  4  5  6  7 |
---------------+----------------------+-----
Transmutations | 3 4 5 6 |  6.1
Unarmed Combat | 4 5 6 |  6.5
Poison Magic   | 2 3 |  3.1
Ice Magic      | 3 |  3.4
Fighting       | |  1.1
Dodging        | |  1.7
Spellcasting   | |  2.0

Action                   |  1- 3 |  4- 6 |  7- 9 || total
-------------------------+-------+-------+-------++-------
Melee: Unarmed           |   115 |   174 |   119 ||   408
       Tailslap          |     5 |    12 |    17 ||    34
       Punch             |     1 |     4 |       ||     5
       Kick              |     2 |       |     4 ||     6
       Headbutt          |       |       |     4 ||     4
 Cast: Beastly Appendage |     3 |       |     1 ||     4
       Wereblood         |     1 |     2 |     1 ||     4
       Spider Form       |     2 |    11 |     1 ||    14
       Ice Form          |       |       |     2 ||     2
Evoke: Wand              |       |     1 |     1 ||     2
  Use: Scroll            |       |     4 |       ||     4
       Potion            |       |       |     1 ||     1
 Stab: Paralysed         |       |     3 |       ||     3
       Sleeping          |       |       |     1 ||     1
Armor: Skin              |    23 |    38 |    23 ||    84
Dodge: Dodged            |    68 |   117 |    53 ||   238

Table legend: (Time is in decaauts)
 A = Elapsed time spent in this place.
 B = Non-inter-level travel time spent in this place.
 C = Inter-level travel time spent in this place.
 D = Time resting spent in this place.
 E = Time spent auto-exploring this place.
 F = Levels seen in this place.
 G = Mean time per level.
                   A        B        C        D        E       F      G
               +--------+--------+--------+--------+--------+-----+--------+
         Total |   4578 |   4444 |    134 |    841 |   2510 |   5 |  915.6 |
       Dungeon |   4578 |   4444 |    134 |    841 |   2510 |   5 |  915.6 |
               +--------+--------+--------+--------+--------+-----+--------+

Top non-repeatable levels by time:
     D:2: 1427 daAuts
     D:4: 1129 daAuts
     D:3: 1121 daAuts
     D:1: 871 daAuts
     D:5: 28 daAuts
